SAAA
AUGUSTA TIMBER HAWKS @ TORTOLITA DRUMMERS
09/01/2026
 
TOP OF THE 1ST
Augusta Timber Hawks batting - Pitching for Tortolita Drummers : RHP Rodger de Meza
Pitching: RHP Rodger de Meza
Batting: LHB Luis Moreno 0-0: Called Strike
0-1: Called Strike
0-2: Ball
1-2: Fly out, F6 (Line Drive, 6)
Batting: RHB Jaime Cruz 0-0: Fly out, F9 (Line Drive, 9)
Batting: RHB Luis Tapia 0-0: Called Strike
0-1: Foul Ball, location: 2F
0-2: Ball
1-2: Ball
2-2: Strikes out swinging
Top of the 1st over - 0 run(s), 0 hit(s), 0 error(s), 0 left on base; Augusta 0 - Tortolita 0
BOTTOM OF THE 1ST
Tortolita Drummers batting - Pitching for Augusta Timber Hawks : RHP Luis Zaragoza
Pitching: RHP Luis Zaragoza
Batting: RHB Jesús Martínez 0-0: SINGLE (Flyball, 8RS)
Batting: RHB Ricardo Pacheco 0-0: Called Strike
0-1: Swinging Strike
0-2: Ball
1-2: Strikes out looking
Batting: LHB Jesús Morales 0-0: Ball
1-0: Foul Ball, location: 2F
1-1: Called Strike
1-2: Foul Ball, location: 2F
1-2: Fielders Choice at 2nd, 4-6 (Groundball, 34)
Batting: LHB Nobuo Yamashita 0-0: Called Strike
Jesús Morales is caught stealing 2nd base
Bottom of the 1st over - 0 run(s), 1 hit(s), 0 error(s), 0 left on base; Augusta 0 - Tortolita 0
TOP OF THE 2ND
Augusta Timber Hawks batting - Pitching for Tortolita Drummers : RHP Rodger de Meza
Batting: RHB Abraham Jacobs 0-0: Called Strike
0-1: Foul Ball, location: 2F
0-2: Foul Ball, location: 2F
0-2: Foul Ball, location: 2F
0-2: Ball
1-2: Ground out 1-3 (Groundball, 13S)
Batting: RHB Hugo Rampley 0-0: Called Strike
0-1: Ball
1-1: Ground out 6-3 (Groundball, 6)
Batting: RHB Anastasio Hernández 0-0: Called Strike
0-1: Bunt for hit - play at first, batter OUT! 1-3
Top of the 2nd over - 0 run(s), 0 hit(s), 0 error(s), 0 left on base; Augusta 0 - Tortolita 0
BOTTOM OF THE 2ND
Tortolita Drummers batting - Pitching for Augusta Timber Hawks : RHP Luis Zaragoza
Batting: LHB Nobuo Yamashita 0-0: Ball
1-0: Foul Ball, location: 2F
1-1: Foul Ball, location: 2F
1-2: Foul Ball, location: 2F
1-2: Foul Ball, location: 2F
1-2: Ball
2-2: SOLO HOME RUN (Flyball, 9LD), Distance : 339 ft
Batting: RHB Jorge Rosa 0-0: Fly out, F5 (Popup, 5L)
Batting: LHB Rick Mayfield 0-0: Ball
1-0: Ball
2-0: Ball
3-0: Base on Balls
Batting: RHB Blair Sweeny 0-0: Ball
1-0: Ball
2-0: Foul Ball, location: 2F
2-1: Called Strike
2-2: Foul Ball, location: 2F
2-2: Ball
3-2: Strikes out looking
Rick Mayfield steals 2nd base
Batter strikes out.
Batting: RHB John Moore 0-0: Ball
1-0: Ball
2-0: Fly out, F8 (Flyball, 8LM)
Bottom of the 2nd over - 1 run(s), 1 hit(s), 0 error(s), 1 left on base; Augusta 0 - Tortolita 1
TOP OF THE 3RD
Augusta Timber Hawks batting - Pitching for Tortolita Drummers : RHP Rodger de Meza
Batting: LHB Willie Brown 0-0: Ground out 3-1 (Groundball, 34S)
Batting: LHB Scott Kerin 0-0: Called Strike
0-1: Ball
1-1: Ball
2-1: Called Strike
2-2: Fly out, F8 (Flyball, 8RD)
Batting: SHB Javier Valle 0-0: Ball
1-0: Foul Ball, location: 2F
1-1: Swinging Strike
1-2: Ball
2-2: Ball
3-2: Foul Ball, location: 2F
3-2: Foul Ball, location: 2F
3-2: Base on Balls
Batting: LHB Luis Moreno 0-0: Ball
1-0: Ground out 4-3 (Groundball, 4S)
Top of the 3rd over - 0 run(s), 0 hit(s), 0 error(s), 1 left on base; Augusta 0 - Tortolita 1
BOTTOM OF THE 3RD
Tortolita Drummers batting - Pitching for Augusta Timber Hawks : RHP Luis Zaragoza
Batting: SHB Juan Blanco 0-0: Ball
1-0: Ball
2-0: Called Strike
2-1: Called Strike
2-2: Strikes out swinging
Batting: RHB Jesús Martínez 0-0: Ball
1-0: Called Strike
1-1: Ball
2-1: Foul Ball, location: 2F
2-2: Foul Ball, location: 2F
2-2: Ball
3-2: SINGLE (Line Drive, 4MD)
Batting: RHB Ricardo Pacheco 0-0: Called Strike
0-1: Ball
1-1: Ball
2-1: DOUBLE (Flyball, 9LD)
Jesús Martínez to third
Batting: LHB Jesús Morales 0-0: Ball
1-0: Called Strike
1-1: Ball
2-1: Swinging Strike
2-2: Ball
3-2: Hit by Pitch
Batting: LHB Nobuo Yamashita 0-0: SINGLE (Flyball, 89S)
Jesús Martínez scores
Ricardo Pacheco to third
Jesús Morales to second
Runner from 3rd tries for Home, SAFE, no throw
Batting: RHB Jorge Rosa 0-0: Foul Ball, location: 2F
0-1: Ball
1-1: Grounds into double play, 6-4-3 (Groundball, 6)
Bottom of the 3rd over - 2 run(s), 3 hit(s), 0 error(s), 1 left on base; Augusta 0 - Tortolita 3
TOP OF THE 4TH
Augusta Timber Hawks batting - Pitching for Tortolita Drummers : RHP Rodger de Meza
Batting: RHB Jaime Cruz 0-0: Ground out 6-3 (Groundball, 6)
Batting: RHB Luis Tapia 0-0: Ball
1-0: Foul Ball, location: 2F
1-1: Foul Ball, location: 2F
1-2: Ball
2-2: Foul Ball, location: 2F
2-2: Fly out, F7 (Flyball, 7)
Batting: RHB Abraham Jacobs 0-0: Called Strike
0-1: Ground out U3 (Groundball, 34S)
Top of the 4th over - 0 run(s), 0 hit(s), 0 error(s), 0 left on base; Augusta 0 - Tortolita 3
BOTTOM OF THE 4TH
Tortolita Drummers batting - Pitching for Augusta Timber Hawks : RHP Luis Zaragoza
Batting: LHB Rick Mayfield 0-0: Called Strike
0-1: Ball
1-1: Ground out 4-3 (Groundball, 4)
Batting: RHB Blair Sweeny 0-0: Foul Ball, location: 2F
0-1: Foul Ball, location: 2F
0-2: Ball
1-2: Foul Ball, location: 2F
1-2: SINGLE (Flyball, 8RS)
Batting: RHB John Moore 0-0: Foul Ball, location: 2F
0-1: Swinging Strike
0-2: Strikes out swinging
Batting: SHB Juan Blanco 0-0: Ball
1-0: Swinging Strike
1-1: Swinging Strike
1-2: Foul Ball, location: 2F
1-2: Fly out, F8 (Line Drive, 8LM)
Bottom of the 4th over - 0 run(s), 1 hit(s), 0 error(s), 1 left on base; Augusta 0 - Tortolita 3
TOP OF THE 5TH
Augusta Timber Hawks batting - Pitching for Tortolita Drummers : RHP Rodger de Meza
Batting: RHB Hugo Rampley 0-0: Called Strike
0-1: SINGLE (Flyball, 78S)
Batting: RHB Anastasio Hernández 0-0: Bunted foul
0-1: Bunted foul
0-2: Ball
1-2: Foul Ball, location: 2F
1-2: Ball
2-2: Ball
3-2: Fly out, F9 (Flyball, 89S)
Batting: LHB Willie Brown 0-0: Fielders Choice at 2nd, 3-6 (Groundball, 34)
Batting: LHB Scott Kerin 0-0: Ball
1-0: Foul Ball, location: 2F
1-1: Called Strike
1-2: Ball
2-2: Fly out, F9 (Line Drive, 9LM)
Top of the 5th over - 0 run(s), 1 hit(s), 0 error(s), 1 left on base; Augusta 0 - Tortolita 3
BOTTOM OF THE 5TH
Tortolita Drummers batting - Pitching for Augusta Timber Hawks : RHP Luis Zaragoza
Batting: RHB Jesús Martínez 0-0: Foul Ball, location: 2F
0-1: Ball
1-1: SINGLE (Groundball, 4MD)
Batting: RHB Ricardo Pacheco 0-0: Bunt - Flyout! F1
Batting: LHB Jesús Morales 0-0: Ball
Jesús Martínez steals 2nd base
1-0: Ball
2-0: Ground out U3 (Groundball, 3L)
Jesús Martínez to third
Batting: LHB Nobuo Yamashita 0-0: Ball
1-0: Called Strike
1-1: Ball
2-1: Foul Ball, location: 2F
2-2: Strikes out swinging
Bottom of the 5th over - 0 run(s), 1 hit(s), 0 error(s), 1 left on base; Augusta 0 - Tortolita 3
TOP OF THE 6TH
Augusta Timber Hawks batting - Pitching for Tortolita Drummers : RHP Rodger de Meza
Batting: SHB Javier Valle 0-0: Ball
1-0: Ball
2-0: Called Strike
2-1: Ball
3-1: Foul Ball, location: 2F
3-2: Foul Ball, location: 2F
3-2: Base on Balls
Batting: LHB Luis Moreno 0-0: Ball
1-0: SINGLE (Flyball, 89S)
Javier Valle to second
Batting: RHB Jaime Cruz 0-0: Called Strike
0-1: Called Strike
0-2: Ball
1-2: Fly out, F8 (Flyball, 8RS)
Batting: RHB Luis Tapia 0-0: SINGLE (Flyball, 78S)
Javier Valle to third
Luis Moreno to second
Runner from 3rd tries for Home, SAFE, no throw
Batting: RHB Abraham Jacobs 0-0: Called Strike
0-1: Foul Ball, location: 2F
0-2: Ball
1-2: Ball
2-2: Strikes out swinging
Batting: RHB Hugo Rampley 0-0: Foul Ball, location: 2F
0-1: Ground out 1-3 (Groundball, 13S)
Top of the 6th over - 1 run(s), 2 hit(s), 0 error(s), 2 left on base; Augusta 1 - Tortolita 3
BOTTOM OF THE 6TH
Tortolita Drummers batting - Pitching for Augusta Timber Hawks : RHP Luis Zaragoza
Batting: RHB Jorge Rosa 0-0: Ground out 5-3 (Groundball, 56)
Batting: LHB Rick Mayfield 0-0: Fly out, F8 (Flyball, 8LD)
Batting: RHB Blair Sweeny 0-0: Fly out, F9 (Flyball, 9S)
Bottom of the 6th over - 0 run(s), 0 hit(s), 0 error(s), 0 left on base; Augusta 1 - Tortolita 3
TOP OF THE 7TH
Augusta Timber Hawks batting - Pitching for Tortolita Drummers : RHP Rodger de Meza
Batting: RHB Anastasio Hernández 0-0: Ball
1-0: Ball
2-0: Called Strike
2-1: SINGLE (Line Drive, 5D)
Batting: LHB Willie Brown 0-0: Called Strike
0-1: Foul Ball, location: 2F
0-2: DOUBLE (Flyball, 8LD)
Anastasio Hernández to third
Pinch Hitting: LHB Chris Rice 0-0: Ball
1-0: Called Strike
1-1: Ball
2-1: Called Strike
2-2: Ball
3-2: Base on Balls
Pinch Hitting: LHB Jack Robbins 0-0: Swinging Strike
0-1: Ball
1-1: Ball
2-1: Ball
3-1: Called Strike
3-2: Base on Balls
Anastasio Hernández scores
Willie Brown to third
Chris Rice to second
Pinch Hitting: SHB Greg Henderson 0-0: Reached on error, E4 (Groundball, 4)
Willie Brown scores
Chris Rice to third
Jack Robbins to second
Batting: RHB Jaime Cruz 0-0: Foul Ball, location: 2F
0-1: Foul Ball, location: 2F
0-2: Ball
1-2: SINGLE (Line Drive, 78M)
Chris Rice scores
Jack Robbins to third
Greg Henderson to second
Runner from 3rd tries for Home, SAFE, no throw
Batting: RHB Luis Tapia 0-0: Ball
1-0: Ball
2-0: Called Strike
2-1: Foul Ball, location: 2F
2-2: Foul Ball, location: 2F
2-2: Strikes out swinging
Pitching: RHP Jason Hubbell
Batting: RHB Abraham Jacobs 0-0: Fielders Choice at 2nd, 4-6 (Groundball, 4)
Greg Henderson to third
Batting: RHB Hugo Rampley 0-0: Ball
1-0: Foul Ball, location: 2F
1-1: Ball
2-1: SINGLE (Groundball, 56D)
Greg Henderson scores
Abraham Jacobs to second
Batting: RHB Anastasio Hernández 0-0: Ball
1-0: Reached on error, E5 (Groundball, 56)
Abraham Jacobs to third
Hugo Rampley to second
Batting: LHB Willie Brown 0-0: Called Strike
0-1: Called Strike
0-2: Fly out, F7 (Flyball, 7LS)
Top of the 7th over - 5 run(s), 4 hit(s), 2 error(s), 3 left on base; Augusta 6 - Tortolita 3
BOTTOM OF THE 7TH
Tortolita Drummers batting - Pitching for Augusta Timber Hawks : RHP Luis Zaragoza
Now at SS: Juan Barbán
Now in CF: Greg Henderson
Now in RF: Jack Robbins
Batting: RHB John Moore 0-0: Called Strike
0-1: Ball
1-1: Ball
2-1: Ball
3-1: Base on Balls
Batting: SHB Juan Blanco 0-0: Called Strike
0-1: Ball
1-1: Foul Ball, location: 2F
1-2: Ball
2-2: Ball
3-2: Base on Balls
John Moore to second
Pitching: RHP Iván Flores
Batting: RHB Jesús Martínez 0-0: Ball
1-0: Ball
2-0: Sac Bunt - play at first, batter OUT! 2-4
John Moore to third
Juan Blanco to second
Batting: RHB Ricardo Pacheco 0-0: Ball
1-0: Ball
2-0: Ball
3-0: Called Strike
3-1: Called Strike
3-2: Ground out 4-3 (Groundball, 4)
John Moore scores
Juan Blanco to third
Batting: LHB Jesús Morales 0-0: Ball
1-0: Ball
2-0: Called Strike
2-1: Foul Ball, location: 2F
2-2: Fly out, F2 (Popup, 25)
Bottom of the 7th over - 1 run(s), 0 hit(s), 0 error(s), 1 left on base; Augusta 6 - Tortolita 4
TOP OF THE 8TH
Augusta Timber Hawks batting - Pitching for Tortolita Drummers : RHP Jason Hubbell
Batting: SHB Juan Barbán 0-0: Ground out 4-3 (Groundball, 4D)
Batting: LHB Jack Robbins 0-0: Ground out 3-1 (Groundball, 34)
Batting: SHB Greg Henderson 0-0: Called Strike
0-1: Ground out 4-3 (Groundball, 34)
Top of the 8th over - 0 run(s), 0 hit(s), 0 error(s), 0 left on base; Augusta 6 - Tortolita 4
BOTTOM OF THE 8TH
Tortolita Drummers batting - Pitching for Augusta Timber Hawks : RHP Iván Flores
Batting: LHB Nobuo Yamashita 0-0: Ball
1-0: Foul Ball, location: 2F
1-1: Called Strike
1-2: Foul Ball, location: 2F
1-2: Ball
2-2: Ball
3-2: Foul Ball, location: 2F
3-2: Ground out 5-3 (Groundball, 56S)
Batting: RHB Jorge Rosa 0-0: Ball
1-0: SINGLE (Groundball, 6MD)
Pitching: LHP Drew Cullen
Batting: LHB Rick Mayfield 0-0: Ball
1-0: Called Strike
1-1: Swinging Strike
1-2: Strikes out swinging
Batting: RHB Blair Sweeny 0-0: Foul Ball, location: 2F
0-1: Swinging Strike
0-2: Foul Ball, location: 2F
0-2: Foul Ball, location: 2F
0-2: Ball
1-2: Ball
Wild Pitch!
Jorge Rosa to second
2-2: Ball
3-2: 2-RUN HOME RUN (Line Drive, 7LD), Distance : 335 ft
Batting: RHB John Moore 0-0: Ground out 6-3 (Groundball, 6)
Bottom of the 8th over - 2 run(s), 2 hit(s), 0 error(s), 0 left on base; Augusta 6 - Tortolita 6
TOP OF THE 9TH
Augusta Timber Hawks batting - Pitching for Tortolita Drummers : RHP Jason Hubbell
Pitching: LHP Ron Anderson
Batting: RHB Jaime Cruz 0-0: Called Strike
0-1: Swinging Strike
0-2: Fly out, F8 (Flyball, 78M)
Batting: RHB Luis Tapia 0-0: Ball
1-0: Swinging Strike
1-1: Fly out, F8 (Flyball, 8RS)
Batting: RHB Abraham Jacobs 0-0: Ball
1-0: Fly out, F7 (Flyball, 7LM)
Top of the 9th over - 0 run(s), 0 hit(s), 0 error(s), 0 left on base; Augusta 6 - Tortolita 6
BOTTOM OF THE 9TH
Tortolita Drummers batting - Pitching for Augusta Timber Hawks : LHP Drew Cullen
Pinch Hitting: RHB Vincent Klein 0-0: Called Strike
0-1: Ball
1-1: Called Strike
1-2: Strikes out looking
Batting: RHB Jesús Martínez 0-0: Ball
1-0: SINGLE (Line Drive, 8RS)
Batting: RHB Ricardo Pacheco 0-0: Called Strike
0-1: Ball
1-1: Ball
2-1: Foul Ball, location: 2F
2-2: Strikes out swinging
Pinch Hitting: SHB Will Brock 0-0: Ball
1-0: Swinging Strike
1-1: Foul Ball, location: 2F
1-2: Ball
2-2: Ball
3-2: Strikes out looking
Bottom of the 9th over - 0 run(s), 1 hit(s), 0 error(s), 1 left on base; Augusta 6 - Tortolita 6
TOP OF THE 10TH
Augusta Timber Hawks batting - Pitching for Tortolita Drummers : LHP Ron Anderson
Now at 3B: Francisco Torres
Now in LF: Will Brock
Batting: RHB Hugo Rampley 0-0: SOLO HOME RUN (Flyball, 7D), Distance : 347 ft
Batting: RHB Anastasio Hernández 0-0: Called Strike
0-1: Called Strike
0-2: Ground out 5-3 (Groundball, 56S)
Batting: LHB Willie Brown 0-0: Fly out, F8 (Flyball, 8RXD)
Batting: SHB Juan Barbán 0-0: Called Strike
0-1: SINGLE (Line Drive, 5D)
Pinch Hitting: RHB Pedro Jiménez 0-0: Called Strike
0-1: Fielders Choice at 2nd, 5-4 (Groundball, 5)
Top of the 10th over - 1 run(s), 2 hit(s), 0 error(s), 0 left on base; Augusta 7 - Tortolita 6
BOTTOM OF THE 10TH
Tortolita Drummers batting - Pitching for Augusta Timber Hawks : LHP Drew Cullen
Pitching: RHP Rodrigo Rangel
Now at 2B: Pedro Jiménez
Batting: LHB Nobuo Yamashita 0-0: Ball
1-0: Called Strike
1-1: Ball
2-1: Ball
3-1: Foul Ball, location: 2F
3-2: Base on Balls
Batting: RHB Jorge Rosa 0-0: Called Strike
0-1: Ball
1-1: Called Strike
1-2: Ball
2-2: Strikes out swinging
Batting: LHB Rick Mayfield 0-0: Called Strike
0-1: Ball
1-1: Ball
2-1: Fielders Choice at 2nd, 1-6 (Groundball, P)
Batting: RHB Blair Sweeny 0-0: Called Strike
0-1: Ball
1-1: SINGLE (Line Drive, 4MD)
Rick Mayfield to second
Batting: RHB John Moore 0-0: Ball
1-0: Foul Ball, location: 2F
1-1: Ball
2-1: Fielders Choice at 2nd, 4-6 (Groundball, 4)
Bottom of the 10th over - 0 run(s), 1 hit(s), 0 error(s), 1 left on base; Augusta 7 - Tortolita 6
Monday, March 20th, 2017 - OOTP Baseball 17.12 Build 75